[Event "Early-Titled-Tuesday-Blitz-October-24-2023"]
[Site "Chess.com"]
[Date "2023.10.24"]
[Round "8"]
[White "KononenkoD"]
[Black "eljanov"]
[Result "0-1"]
[WhiteElo "2597"]
[BlackElo "2816"]
[TimeControl "180+1"]
[EndTime "9:25:18 PDT"]
[Termination "eljanov won on time"]

1. d4 d5 2. c4 e6 3. Nf3 Nf6 4. g3 Bb4+ 5. Bd2 Be7 6. Bg2 O-O 7. O-O Nbd7 8. Qc2 c6 9. Rd1 a5 10. Bf4 h6 11. Ne5 Nxe5 12. Bxe5 b6 13. Nd2 Bb7 14. e4 Rc8 15. Rac1 Ng4 16. Bf4 g5 17. Be3 f5 18. exf5 exf5 19. h3 Nxe3 20. fxe3 Bd6 21. Nf1 Kh8 22. Qb3 dxc4 23. Qxc4 Qd7 24. Qd3 Qe6 25. a3 Ba8 26. Qa6 f4 27. d5 cxd5 28. Rxc8 Rxc8 29. exf4 gxf4 30. Bxd5 Bc5+ 31. Kh2 Bxd5 32. Rxd5 fxg3+ 33. Nxg3 Rg8 34. Qd3 Qf6 35. Rf5 Qxb2+ 36. Ne2 Re8 0-1

[Event "Early-Titled-Tuesday-Blitz-October-24-2023"]
[Site "Chess.com"]
[Date "2023.10.24"]
[Round "8"]
[White "rdarruda"]
[Black "Szparu"]
[Result "0-1"]
[WhiteElo "2531"]
[BlackElo "2697"]
[TimeControl "180+1"]
[EndTime "9:25:18 PDT"]
[Termination "Szparu won by resignation"]

1. d4 Nf6 2. Nf3 e6 3. c4 c5 4. Nc3 cxd4 5. Nxd4 Nc6 6. g3 Qb6 7. Nb3 Bb4 8. Bg2 d5 9. cxd5 Nxd5 10. Bd2 Nxc3 11.
bxc3 Be7 12. c4 O-O 13. O-O Bd7 14. Be3 Qc7 15. c5 Rfd8 16. Qc2 Nb4 17. Qc4 Nd5 18. Bd4 Bc6 19. Rfd1 Rd7 20. Rd2 Rad8 21. Rad1 h5 22. h4 Nf6 23. Bxc6 Qxc6 24. Bxf6 Bxf6 25. Rxd7 Rxd7 26.
Rxd7 Qxd7 27. Qd3 Qa4 28. Qc2 g6 29. Kg2 Kg7 30. e3 a5 31. Kg1 Qb4 32. Qd2 Bc3 33. Qd6 a4 34. Nd4 Qb1+ 35. Kh2 Qxa2 36. Qe5+ Kg8 37.
Qb8+ Kh7 38. Qxb7 Qxf2+ 39. Kh3 Be1 40. Qf3 Qxf3 41. Nxf3 Ba5 42. Nd4 a3 43. Kg2 a2 44.
Nb3 Bc7 45. Kf3 f5 46. c6 Kg7 47. Na1 Kf6 48. Nb3 Ke7 49. Na1 Be5 50. Nc2 a1=Q 51.
Nxa1 Bxa1 0-1

[Event "Early-Titled-Tuesday-Blitz-October-24-2023"]
[Site "Chess.com"]
[Date "2023.10.24"]
[Round "8"]
[White "C_K_G"]
[Black "MarijaKuznecova"]
[Result "0-1"]
[WhiteElo "1886"]
[BlackElo "2386"]
[TimeControl "180+1"]
[EndTime "9:25:18 PDT"]
[Termination "MarijaKuznecova won on time"]

1. e4 c5 2. Nf3 d6 3. d4 cxd4 4. Nxd4 Nf6 5. Nc3 a6 6. Be2 e5 7. Nb3 Be7 8. Be3 Be6 9. O-O O-O 10. f4 exf4 11. Rxf4 b5 12. Rf1 Nc6 13. Nd5 Ne5 14. Bb6 Qd7 15. Nxe7+ Qxe7 16. Qd4 Nc4 17. Rad1 Qb7 18.
Bxc4 bxc4 19. Nd2 Rfb8 20. Ba5 Qxb2 21. Qxd6 Qxc2 22. Qe5 Rb5 23. Qc3 Qxa2 24. Bc7 Qb2 25. Qf3 c3 26. e5 Nd5 27. Nc4 Qb4 28. Nd6 Nxc7 29. Nxb5 axb5 30. Qxa8+ Nxa8 31. Rd8+ Qf8 32. Rxf8+ Kxf8 33. Ra1 Bd5 34. Kf2 b4 35. Ke3 Nb6 36. Kd4 Be6 37. Kc5 b3 38. Kxb6 b2 39. Ra8+ Ke7 40.
Ra7+ Bd7 41. Kc5 b1=Q 0-1

[Event "Early-Titled-Tuesday-Blitz-October-24-2023"]
[Site "Chess.com"]
[Date "2023.10.24"]
[Round "8"]
[White "santosalberto1987"]
[Black "sergeikim"]
[Result "0-1"]
[WhiteElo "2427"]
[BlackElo "2601"]
[TimeControl "180+1"]
[EndTime "9:25:19 PDT"]
[Termination "sergeikim won by resignation"]

1. e4 e5 2. Nf3 Nc6 3. Bc4 Bc5 4.
c3 Nf6 5. d3 d6 6. Nbd2 a6 7. O-O Ba7 8. Bb3 O-O 9. h3 Nh5 10.
Re1 Qf6 11. Nf1 Nf4 12. Bxf4 Qxf4 13. Qd2 Qxd2 14. N3xd2 Be6 15. Ne3 Ne7 16. Kh1 Ng6 17. Kh2 c6 18. g3 Rad8 19. Kg2 d5 20. Rad1 f5 21. exf5 Bxf5 22. Nxf5 Rxf5 23. Re2 Rdf8 24. Rf1 h5 25. h4 Kh7 26. c4 Ne7 27. cxd5 cxd5 28. Bc2 g6 29. f4 Nc6 30. Nf3 Nd4 31.
Nxd4 Bxd4 32. Bb3 exf4 33. Rxf4 Rxf4 34. gxf4 Rxf4 35. Bxd5 b6 36. Bf3 Rxh4 37. Kg3 g5 38. Re4 Rxe4 39. dxe4 Kg6 40. b3 Be5+ 41. Kg2 g4 42.
Bd1 Kg5 43. Be2 a5 44. Bd3 Kf4 45. a4 h4 46. Bc4 h3+ 47. Kf2 g3+ 48. Kg1 Bd4+ 49.
Kf1 g2+ 0-1

[Event "Early-Titled-Tuesday-Blitz-October-24-2023"]
[Site "Chess.com"]
[Date "2023.10.24"]
[Round "8"]
[White "Orujov2008"]
[Black "jaskol95"]
[Result "1-0"]
[WhiteElo "2737"]
[BlackElo "2554"]
[TimeControl "180+1"]
[EndTime "9:25:20 PDT"]
[Termination "Orujov2008 won on time"]

1. e4 c5 2. Nf3 e6 3. d4 cxd4 4. Nxd4 Nc6 5. Nc3 Qc7 6. f4 a6 7. Nxc6 Qxc6 8. Bd3 Bc5 9. Bd2 b5 10. Qe2 Ne7 11. e5 Bb7 12. Be4 Qc7 13. Bxb7 Qxb7 14.
O-O-O O-O 15. g4 d5 16. exd6 Bxd6 17. Ne4 Bc7 18. Kb1 Rac8 19. Bb4 Rfe8 20. Rhf1 Nd5 21.
Bd2 Qc6 22. g5 Bb6 23. Bc1 a5 24. h4 a4 25. h5 a3 26. h6 Qc4 27. Qg2 axb2 28.
Bxb2 Ne3 29. Bxg7 f5 30. Nf6+ Kf7 31. Nxe8 Qb4+ 32. Bb2 Nxg2 33. Nd6+ Kg6 34. Nxc8 Ne3 35. Nxb6 Nxf1 36. Rxf1 Qc5 37. Nd7 Qd5 38. Nf8+ Kh5 39. g6 Kxh6 40. g7 e5 41. Rg1 Qg8 42. fxe5 f4 43. e6 f3 44. e7 f2 45. Rf1 Qf7 46. g8=Q Qxg8 47. e8=Q Qg1 48. Qe2 1-0

[Event "Early-Titled-Tuesday-Blitz-October-24-2023"]
[Site "Chess.com"]
[Date "2023.10.24"]
[Round "8"]
[White "Keeper0416"]
[Black "ATM622"]
[Result "1-0"]
[WhiteElo "2584"]
[BlackElo "2422"]
[TimeControl "180+1"]
[EndTime "9:25:20 PDT"]
[Termination "Keeper0416 won on time"]

1. d4 g6 2. c4 Bg7 3. Nf3 Nf6 4. Nc3 c5 5. d5 O-O 6. e4 d6 7. h3 Nbd7 8. Bd3 a6 9. a4 Ne5 10. Nxe5 dxe5 11. O-O Nh5 12. Be3 Nf4 13. Bxc5 f5 14.
Be3 e6 15. Bc2 Qh4 16. Qf3 Bd7 17. Kh2 g5 18. Qg3 Qh6 19. Rad1 g4 20. c5 Bf6 21. Bxf4 exf4 22. Qd3 f3 23. Rh1 Be5+ 24. Kg1 fxg2 25. Kxg2 f4 26. hxg4 f3+ 27. Qxf3 Qg5 28. Qh3 Rf7 29.
Rd3 Raf8 30. f3 Kh8 31. Qh6 Qg8 32. dxe6 Bf4 33. exf7 Rxf7 34. Qh5 1-0

[Event "Early-Titled-Tuesday-Blitz-October-24-2023"]
[Site "Chess.com"]
[Date "2023.10.24"]
[Round "8"]
[White "c63_amg"]
[Black "abhidabhi"]
[Result "1/2-1/2"]
[WhiteElo "2820"]
[BlackElo "2897"]
[TimeControl "180+1"]
[EndTime "9:25:23 PDT"]
[Termination "Game drawn - insufficient material"]

1. e4 c5 2. Nf3 Nc6 3. Bb5 e6 4. O-O Nge7 5. Nc3 a6 6. Bxc6 Nxc6 7. d4 cxd4 8. Nxd4 Qc7 9. Re1 Be7 10. Nf5 d6 11.
Nxg7+ Kd8 12. Qh5 Bf6 13. Bg5 Qe7 14. Nf5 exf5 15. Nd5 Bxg5 16. Nxe7 Bxe7 17. exf5 f6 18. Rad1 Bd7 19. c4 Kc7 20. a3 Rag8 21. b4 Rg5 22.
Qf7 Rhg8 23. Rxe7 Rxg2+ 24. Kf1 Nxe7 25. Qxe7 Kc8 26. Qxd6 Bc6 27. b5 Bf3 28. Qd7+ Kb8 29.
Qd6+ Ka8 30. Qd8+ Rxd8 31. Rxd8+ Ka7 32. Rd3 Be4 33. Re3 Rg4 34. f3 Bxf3 35. Rxf3 Rxc4 36.
bxa6 Kxa6 37. Rh3 Rf4+ 38. Ke2 Rxf5 39. Rxh7 b5 40. Ke3 Ka5 41. h4 Ka4 42. Ra7+ Kb3 43.
Ra6 Rh5 44. Ra5 f5 45. Rxb5+ Kxa3 46. Kf4 Rxh4+ 47. Kg3 Rg4+ 48. Kf3 Rg5 49. Kf4 Rh5 50. Rxf5 Rxf5+ 51. Kxf5 1/2-1/2

[Event "Early-Titled-Tuesday-Blitz-October-24-2023"]
[Site "Chess.com"]
[Date "2023.10.24"]
[Round "8"]
[White "howitzer14"]
[Black "Malikova777"]
[Result "1-0"]
[WhiteElo "2927"]
[BlackElo "2250"]
[TimeControl "180+1"]
[EndTime "9:25:23 PDT"]
[Termination "howitzer14 won by resignation"]

1. d4 Nf6 2. Bg5 c5 3. Nc3 e6 4. d5 d6 5. e4 e5 6. Bb5+ Bd7 7.
a4 a6 8. Bd3 Be7 9. Be3 O-O 10.
h3 Ne8 11. Nf3 f5 12. exf5 Bxf5 13. Bxf5 Rxf5 14. Qd3 Rf8 15. Nd2 Nd7 16. Nc4 Nef6 17. O-O Rb8 18. a5 Rf7 19. Bg5 h6 20. Bxf6 Nxf6 21.
Rae1 Bf8 22. Ne4 Nxe4 23. Rxe4 Qf6 24. Re3 Qf4 25. Rf3 Qd4 26. Rxf7 Kxf7 27. Rd1 Qxd3 28. Rxd3 Ke7 29. Kf1 Kd7 30. Rf3 Ke7 31. Ke2 g6 32. Kd3 Bg7 33. Ke4 Bf6 34. Rg3 Rg8 35. Rb3 Rb8 36.
Rb6 Rd8 37. Rxb7+ Kf8 38. b3 Be7 39. Ra7 Rb8 40. Rxa6 Rb5 41. Rb6 Rxb6 42. Nxb6 Bd8 43. Nc4 Bc7 44. a6 Bb8 45. Nxd6 Ke7 46. Nb5 Kf6 47.
c4 1-0

[Event "Early-Titled-Tuesday-Blitz-October-24-2023"]
[Site "Chess.com"]
[Date "2023.10.24"]
[Round "8"]
[White "dianamirza"]
[Black "AnaKuchava"]
[Result "0-1"]
[WhiteElo "2011"]
[BlackElo "2229"]
[TimeControl "180+1"]
[EndTime "9:25:25 PDT"]
[Termination "AnaKuchava won on time"]

1. d4 d5 2. Nf3 Nf6 3. b3 Bf5 4. Bb2 e6 5. Nbd2 c5 6. e3 Nc6 7. Nh4 Bg6 8. Nxg6 hxg6 9. Bd3 Bd6 10. f4 a6 11. a3 Rc8 12. O-O Ng4 13. dxc5 Nxe3 14.
Qf3 Bxc5 15. b4 Ba7 16. Rf2 Nf5 17. Bxf5 gxf5 18. c4 Bxf2+ 19. Qxf2 Qh4 20. g3 Qd8 21. cxd5 Qxd5 22. Nf3 Qb3 23. Bxg7 Rg8 24. Bf6 Rg6 25. Bh4 Kf8 26. Re1 Qxa3 27. Qc5+ Kg8 28. Ne5 Rh6 29. Nd7 Qxb4 30. Qc1 Qd4+ 31. Kg2 Qxd7 32. Rd1 Nd4 33. Rxd4 Rxc1 34. Rxd7 b6 35. Bg5 Rg6 36. h4 f6 37. h5 fxg5 38. hxg6 gxf4 0-1

[Event "Early-Titled-Tuesday-Blitz-October-24-2023"]
[Site "Chess.com"]
[Date "2023.10.24"]
[Round "8"]
[White "lamomiajunior"]
[Black "K_A_S_T_O_R"]
[Result "0-1"]
[WhiteElo "2666"]
[BlackElo "2872"]
[TimeControl "180+1"]
[EndTime "9:25:26 PDT"]
[Termination "K_A_S_T_O_R won by resignation"]

1. d4 Nf6 2. c4 e6 3. Nc3 Bb4 4. f3 d5 5. a3 Bxc3+ 6. bxc3 c6 7. cxd5 cxd5 8. e3 O-O 9. Bd3 b6 10. Ne2 Ba6 11. O-O Qc7 12. Bb2 Rc8 13. e4 Bxd3 14. Qxd3 Qc4 15. Qe3 Nc6 16. Ng3 Qb3 17. e5 Ne8 18.
Rab1 Ne7 19. Qg5 Rc7 20. h4 h6 21. Qg4 Qc2 22. Ba1 Qg6 23. Qf4 Nf5 24. Ne2 h5 25. Rbe1 Qh6 26. Qh2 Rac8 27. Bb2 Qe3+ 28. Kh1 Qh6 29.
Bc1 Qh7 30. Bg5 Ne7 31. Rc1 Nc6 32. f4 Qd3 33. Ng3 g6 34. f5 exf5 35. Rf3 Qc4 36. Rcf1 Ng7 37. Bf6 Nd8 38. Ne2 Nde6 39. Qg3 Qxe2 40.
Rxf5 Nxf5 41. Rxf5 Rxc3 42. Rxh5 Qxh5 0-1

[Event "Early-Titled-Tuesday-Blitz-October-24-2023"]
[Site "Chess.com"]
[Date "2023.10.24"]
[Round "8"]
[White "AndrewB92"]
[Black "dawid498"]
[Result "0-1"]
[WhiteElo "2468"]
[BlackElo "2675"]
[TimeControl "180+1"]
[EndTime "9:25:26 PDT"]
[Termination "dawid498 won by resignation"]

1. d4 Nf6 2. c4 g6 3. Nc3 Bg7 4. e4 O-O 5. g3 c5 6. d5 b5 7. e5 Ne8 8. f4 d6 9. Nf3 Bg4 10. e6 fxe6 11. dxe6 Nc6 12. cxb5 Nd4 13. Be2 Nxe2 14.
Qxe2 d5 15. h3 Bxf3 16. Qxf3 d4 17. Ne4 Qd5 18. O-O Rd8 19. Bd2 c4 20. a4 d3 21.
Nc3 Qxf3 22. Rxf3 Nc7 23. Re1 Rf6 24. Re4 Nxe6 25. Rxc4 Nd4 26. Re3 Nb3 27. Ne4 Nxd2 28. Nxd2 Rd7 29. Rc3 Rfd6 30. Kf2 Bd4 31. Kf3 Bxe3 32.
Kxe3 Kf7 33. g4 Re6+ 34. Kf3 Re2 35. Ne4 Rxe4 0-1

[Event "Early-Titled-Tuesday-Blitz-October-24-2023"]
[Site "Chess.com"]
[Date "2023.10.24"]
[Round "8"]
[White "ProfessorChess101"]
[Black "Andrei_Skvortsov"]
[Result "0-1"]
[WhiteElo "2550"]
[BlackElo "2670"]
[TimeControl "180+1"]
[EndTime "9:25:30 PDT"]
[Termination "Andrei_Skvortsov won by resignation"]

1. d4 g6 2. e4 Nf6 3. Nc3 d6 4. Be3 Bg7 5. Qd2 a6 6. Bh6 Bxh6 7. Qxh6 Nbd7 8. O-O-O b5 9. a3 e5 10. dxe5 dxe5 11.
Nd5 Nxd5 12. exd5 Qf6 13. Nf3 Bb7 14. Qe3 O-O 15. Bd3 Rfe8 16. Be4 Nb6 17. Kb1 Nc4 18.
Qc5 Nd6 19. Rhe1 Rac8 20. Re3 Qf4 21. Nd2 Qxf2 22. Qc3 Qf4 23. Rf1 Qh6 24. g4 Qg5 25.
h3 Qe7 26. Bg2 f6 27. Ne4 Rf8 28. h4 Nc4 29. Ref3 Bxd5 30. Rxf6 Bxe4 31. Rxf8+ Rxf8 32. Rxf8+ Kxf8 33. Bxe4 Qxh4 34. Bd5 Qxg4 35. Bxc4 Qxc4 36.
Qxe5 Qf1+ 37. Ka2 Qf7+ 38. Kb1 Kg8 39. Qg5 h5 40. Qh4 Qf1+ 41. Ka2 Qc4+ 0-1

[Event "Early-Titled-Tuesday-Blitz-October-24-2023"]
[Site "Chess.com"]
[Date "2023.10.24"]
[Round "8"]
[White "MagnusCarlsen"]
[Black "GroovyKettle"]
[Result "1/2-1/2"]
[WhiteElo "3271"]
[BlackElo "3006"]
[TimeControl "180+1"]
[EndTime "9:25:31 PDT"]
[Termination "Game drawn - insufficient material"]

1. h4 d5 2. d4 Nf6 3. e3 c5 4. c4 cxd4 5. exd4 Nc6 6. Nc3 Be6 7. Nf3 dxc4 8. Be2 Nd5 9. O-O Nxc3 10. bxc3 Bd5 11. Rb1 b6 12. Qa4 Qd7 13. Bxc4 Bxc4 14. Qxc4 Rc8 15. Re1 e6 16. d5 Ne5 17. Qe4 Nxf3+ 18.
Qxf3 Be7 19. dxe6 fxe6 20. Bg5 Bxg5 21. hxg5 Qf7 22. Qg3 O-O 23. Rbd1 Rc5 24. Rd4 Rxg5 25. Qe3 Rg6 26. a4 h6 27. Re4 Kh7 28. Re5 Qf4 29.
a5 Qg4 30. g3 Rf3 31. Qe4 Qxe4 32.
R1xe4 Rxc3 33. axb6 axb6 34. Rb5 Rc6 35. Reb4 Rf6 36.
Rb2 Kg6 37. Kg2 h5 38. Rxb6 Rxb6 39. Rxb6 e5 40. Rb5 Re6 41. Kh3 Kf5 42. Kh4 g6 43. f4 Ke4 44. Rxe5+ Rxe5 45. fxe5 Kxe5 46. Kg5 Ke4 47.
Kxg6 Kf3 48. Kxh5 Kxg3 1/2-1/2

[Event "Early-Titled-Tuesday-Blitz-October-24-2023"]
[Site "Chess.com"]
[Date "2023.10.24"]
[Round "8"]
[White "ilushka"]
[Black "Karttunen"]
[Result "1-0"]
[WhiteElo "2463"]
[BlackElo "2591"]
[TimeControl "180+1"]
[EndTime "9:25:31 PDT"]
[Termination "ilushka won by resignation"]

1. e4 c5 2. Nf3 d6 3. Bb5+ Bd7 4. a4 Nf6 5. O-O e5 6. d3 Be7 7. Bxd7+ Qxd7 8. c4 O-O 9. Bg5 Ne8 10. Bxe7 Qxe7 11.
Nc3 Nc7 12. Qb3 b6 13. a5 Nd7 14. axb6 Nxb6 15. Ra5 Rfb8 16. Rfa1 Nc8 17. Qc2 Rb7 18. Nd2 Rab8 19. R1a2 h6 20. Nf1 a6 21. Ne3 Nb6 22. Ned5 Nbxd5 23. Nxd5 Nxd5 24. cxd5 h5 25.
Rxa6 h4 26. h3 Qg5 27. Rxd6 Rb5 28. Rda6 g6 29. Ra8 Kg7 30. Rxb8 Rxb8 31. Qxc5 Rb3 32. Qc2 Rb7 33. Ra3 Rb6 34. Ra1 Rf6 35. b4 Qf4 36. b5 Rb6 37. Rb1 g5 38. Qc5 Rg6 39. b6 g4 40. Qe3 Qf6 41. b7 gxh3 42. Qxh3 Qg5 43. b8=Q 1-0

[Event "Early-Titled-Tuesday-Blitz-October-24-2023"]
[Site "Chess.com"]
[Date "2023.10.24"]
[Round "8"]
[White "Kostukov_Alex"]
[Black "Mariia89"]
[Result "0-1"]
[WhiteElo "2405"]
[BlackElo "2170"]
[TimeControl "180+1"]
[EndTime "9:25:32 PDT"]
[Termination "Mariia89 won on time"]

1. g3 c5 2. Bg2 Nc6 3. c4 g6 4. Nf3 Bg7 5. O-O Nf6 6. d4 cxd4 7. Nxd4 O-O 8. c5 Nxd4 9. Qxd4 Ne8 10. Qb4 d6 11. cxd6 Nxd6 12. Nc3 Be6 13. Rd1 Qc8 14. Nd5 Bxd5 15. Rxd5 Qc2 16. Rd2 Qc7 17. Rd1 Rfd8 18.
Bf4 e5 19. Rac1 Qe7 20. Be3 Qe6 21. Bd5 Qf5 22. Rc7 Rac8 23. Rdc1 Rxc7 24. Rxc7 Bf8 25. Bxa7 b5 26. Bc5 Rd7 27. Rxd7 Qxd7 28. e4 h5 29. Kg2 h4 30. b3 h3+ 31. Kf3 g5 32.
Ke2 Qg4+ 33. f3 Qd7 0-1

[Event "Early-Titled-Tuesday-Blitz-October-24-2023"]
[Site "Chess.com"]
[Date "2023.10.24"]
[Round "8"]
[White "Yeremyan_ChessMate"]
[Black "Mikhail_Golubev"]
[Result "0-1"]
[WhiteElo "2772"]
[BlackElo "2562"]
[TimeControl "180+1"]
[EndTime "9:25:33 PDT"]
[Termination "Mikhail_Golubev won on time"]

1. e4 c5 2. Nc3 d6 3. g3 Nc6 4. Bg2 g6 5. f4 Bg7 6. Nf3 e6 7. O-O Nge7 8. d3 O-O 9. Be3 b6 10. d4 Ba6 11. Re1 cxd4 12. Nxd4 Na5 13. Bf2 Rc8 14.
Ndb5 Nc4 15. Rb1 Nxb2 16. Rxb2 Bxb5 17. Nxb5 Bxb2 18. Nxd6 Rc7 19. Re3 Nd5 20. Rb3 Qxd6 21. Rxb2 Qa3 22. Rb3 Nc3 23. Qd2 Qxa2 24. h4 Qa1+ 25.
Kh2 Qd1 26. Qe3 Qxc2 27. Rb4 Nd1 28. Qd4 Nxf2 29. Qd6 Ng4+ 30. Kh3 Nf2+ 31. Kh2 Qc5 32.
Qd2 Ng4+ 33. Kh3 h5 34. Rb1 Qc2 35. Qe1 Nf2+ 36. Kh2 Ng4+ 37. Kh3 Qf2 38. Qb4 Rc2 0-1

[Event "Early-Titled-Tuesday-Blitz-October-24-2023"]
[Site "Chess.com"]
[Date "2023.10.24"]
[Round "8"]
[White "McCarthyStone"]
[Black "topin8"]
[Result "0-1"]
[WhiteElo "2312"]
[BlackElo "2445"]
[TimeControl "180+1"]
[EndTime "9:25:33 PDT"]
[Termination "topin8 won on time"]

1. e4 c5 2. g3 Nc6 3. Bg2 g6 4.
Ne2 Bg7 5. O-O d6 6. c3 e6 7. d4 cxd4 8. cxd4 Nge7 9. Nbc3 O-O 10. Bg5 h6 11. Be3 d5 12. exd5 exd5 13. Nf4 Be6 14. Qb3 Nxd4 15. Bxd4 Bxd4 16. Rad1 Qb6 17. Ncxd5 Nxd5 18. Bxd5 Qxb3 19. Bxb3 Bxb3 20. Rxd4 Bxa2 21. Rd7 b5 22. Ra1 Bc4 23. Raxa7 Rxa7 24. Rxa7 Rd8 25. Rc7 g5 26. Nh5 Be2 27. Nf6+ Kg7 28. Nd7 b4 29. h3 Bf3 30. g4 Kg8 31. Kh2 Kg7 32. Kg3 Bd5 33.
Ne5 Be6 34. Nf3 Rd3 35. Rc5 Bd5 36. Rxd5 Rxd5 37. h4 Rd3 38. hxg5 hxg5 39. Kg2 f6 0-1

[Event "Early-Titled-Tuesday-Blitz-October-24-2023"]
[Site "Chess.com"]
[Date "2023.10.24"]
[Round "8"]
[White "Semetey"]
[Black "djokovic74"]
[Result "0-1"]
[WhiteElo "2536"]
[BlackElo "2697"]
[TimeControl "180+1"]
[EndTime "9:25:34 PDT"]
[Termination "djokovic74 won on time"]

1. a3 d5 2. d4 Nf6 3. Nc3 e6 4. Bf4 Bd6 5. e3 O-O 6. Nf3 c5 7. dxc5 Bxf4 8. exf4 Qc7 9. Qd4 Nc6 10.
Qd2 Ne7 11. b4 Ng6 12. g3 b6 13. cxb6 axb6 14. Bd3 Bb7 15. O-O Rfd8 16. Nd4 Ne4 17.
Nxe4 dxe4 18. Be2 e5 19. fxe5 Nxe5 20. c3 Qc8 21. Qe3 Qh3 22. Rfd1 h5 23. Bf1 Qg4 24. h3 Qg6 25. Bg2 Nc4 26. Qe2 Nxa3 27. h4 Rdc8 28.
Rdc1 Nc4 29. Rxa8 Bxa8 30. Kh2 Ne5 31. Ra1 Bd5 32. Qd2 Qf6 33. Kg1 g6 34. Ra6 Rd8 35.
Qe2 Bc4 36. Rxb6 Qxb6 37. Qxe4 Qd6 38. Qf4 Bd5 39. Bxd5 Qxd5 0-1

[Event "Early-Titled-Tuesday-Blitz-October-24-2023"]
[Site "Chess.com"]
[Date "2023.10.24"]
[Round "8"]
[White "hansen"]
[Black "GianmarcoVaR"]
[Result "1-0"]
[WhiteElo "2939"]
[BlackElo "2735"]
[TimeControl "180+1"]
[EndTime "9:25:35 PDT"]
[Termination "hansen won on time"]

1. d4 Nf6 2. Bf4 d5 3. e3 e6 4. Nd2 Bd6 5. Bg3 O-O 6. Bd3 b6 7. Qe2 Bb7 8. Ngf3 Nbd7 9. Ne5 Ne4 10. a4 Nxe5 11. dxe5 Be7 12. Qg4 Nc5 13. Be2 a5 14.
O-O Qd7 15. b3 Ba6 16. Rfd1 Bxe2 17. Qxe2 Qc8 18. Qg4 Rd8 19. h4 Rd7 20. h5 Qf8 21.
h6 g6 22. Bf4 Rad8 23. Bg5 d4 24. Bxe7 Qxe7 25. e4 Na6 26. Nf3 Nc5 27. Rab1 d3 28.
c3 d2 29. Rb2 Qf8 30. Qh4 Qe7 31. Qxe7 Rxe7 32. Rbxd2 Rde8 33. Rb2 Nxe4 34. Rc2 Nc5 35. b4 Nxa4 36. Ra1 b5 37. bxa5 c5 38. c4 Rb7 39.
cxb5 Rxb5 40. Rxa4 Rb1+ 41. Kh2 1-0

[Event "Early-Titled-Tuesday-Blitz-October-24-2023"]
[Site "Chess.com"]
[Date "2023.10.24"]
[Round "8"]
[White "jraosam"]
[Black "surrenderPLS"]
[Result "0-1"]
[WhiteElo "2162"]
[BlackElo "2519"]
[TimeControl "180+1"]
[EndTime "9:25:36 PDT"]
[Termination "surrenderPLS won on time"]

1. e4 c5 2. Nf3 Nc6 3. d4 cxd4 4. Nxd4 Nf6 5. Nc3 e5 6. Ndb5 d6 7. Bg5 a6 8. Na3 b5 9. Nd5 Be7 10. Bxf6 Bxf6 11. c3 Rb8 12. Nc2 Bg5 13. Nce3 O-O 14. h4 Bxe3 15. Nxe3 Be6 16. Qd2 Qc7 17. g3 Ne7 18. Be2 Rfd8 19. O-O d5 20. exd5 Nxd5 21. Nxd5 Bxd5 22. Qe3 f6 23. Rfd1 Bb7 24. Rxd8+ Rxd8 25. Rd1 Rxd1+ 26. Bxd1 Qc6 27. f3 Kf8 28. Kf2 Ke7 29.
Bc2 h6 30. Be4 Qd7 31. Qc5+ Ke8 32. Bg6+ Kd8 33. Qf8+ Kc7 34. Ke3 Kb6 35. b4 Qc6 36. Qd8+ Ka7 37. Be4 Qxc3+ 38. Kf2 Bxe4 39. fxe4 Qc6 40.
Qe7+ Qb7 41. Qc5+ Qb6 42. Ke3 Qxc5+ 43. bxc5 Kb7 44. h5 Kc6 45. Kf3 Kxc5 46. Kg4 a5 47. Kf5 b4 48. Kg6 a4 49. Kxg7 b3 50. axb3 axb3 51. Kxh6 b2 52. Kg7 b1=Q 53. h6 Qxe4 54. h7 Qxh7+ 55. Kxh7 e4 56. Kg6 e3 57. Kxf6 e2 0-1

[Event "Early-Titled-Tuesday-Blitz-October-24-2023"]
[Site "Chess.com"]
[Date "2023.10.24"]
[Round "8"]
[White "johnmez"]
[Black "Zhbugnoimt"]
[Result "0-1"]
[WhiteElo "2341"]
[BlackElo "2561"]
[TimeControl "180+1"]
[EndTime "9:25:40 PDT"]
[Termination "Zhbugnoimt won on time"]

1. d4 Nf6 2. Bf4 d5 3. e3 c5 4. c3 Nc6 5. Bd3 Qb6 6. Qc2 c4 7. Be2 Bf5 8. Qc1 e6 9. Nf3 Nh5 10. Bg5 h6 11. Bh4 g5 12. Bg3 Bg7 13.
Nbd2 Nxg3 14. hxg3 O-O 15. b3 cxb3 16. axb3 Rac8 17. O-O e5 18. Qb2 exd4 19. Nxd4 Nxd4 20. exd4 Bxd4 21. cxd4 Rc2 22. Qb1 Rxd2 23. Qxf5 Rxe2 24.
Qxd5 Rd8 25. Qf3 Rb2 26. Rab1 Rxb1 27. Rxb1 Rxd4 28. Re1 Rd7 29. Re8+ Kg7 30. Qc3+ Qf6 31. Qc8 Re7 32. Rg8+ Kh7 33. Qd8 Re1+ 34. Kh2 Qxd8 35. Rxd8 Rb1 36. Rd3 Kg6 37. g4 Kf6 38. Kg3 Ke5 39.
Kf3 b5 40. Ke3 a5 41. Kd2 Rb2+ 42. Ke3 a4 43. bxa4 bxa4 44. Ra3 Rb3+ 45. Rxb3 axb3 46. Kd3 Kf4 47. f3 Kg3 48. Kc3 Kxg2 49. Kxb3 Kxf3 0-1

[Event "Early-Titled-Tuesday-Blitz-October-24-2023"]
[Site "Chess.com"]
[Date "2023.10.24"]
[Round "8"]
[White "profedechess93"]
[Black "pedro_gines"]
[Result "0-1"]
[WhiteElo "2610"]
[BlackElo "2743"]
[TimeControl "180+1"]
[EndTime "9:25:46 PDT"]
[Termination "pedro_gines won by resignation"]

1. e4 c6 2. d4 d5 3. Nc3 dxe4 4. Nxe4 Bf5 5. Ng3 Bg6 6. h4 h6 7. h5 Bh7 8. Nf3 Nd7 9. Bd3 Bxd3 10. Qxd3 e6 11. Bd2 Ngf6 12. O-O-O Be7 13. Qe2 a5 14.
Rhe1 a4 15. Ne5 O-O 16. Ng6 Re8 17. Nxe7+ Qxe7 18. a3 Nd5 19. c4 N5f6 20. Qf3 Nh7 21. Ne4 Ndf6 22. Bb4 Qc7 23. Nxf6+ Nxf6 24. g4 Rad8 25.
Kb1 e5 26. g5 hxg5 27. h6 e4 28. Qg2 gxh6 29. Rh1 Kg7 30. Bc3 Qf4 31. Qh3 g4 32. Qh4 Qg5 33. Qh2 Kg6 34. Bd2 e3 35. Bxe3 Qf5+ 36.
Ka1 h5 37. Qh4 b5 38. cxb5 cxb5 39. Rc1 Rd5 40. Rc6 Re6 41. Rc8 Rxe3 42. Rc6 Re6 43. Rc8 Re1+ 44. Rxe1 Qxc8 45. f3 Rxd4 46. Qg3 Qf5 47.
fxg4 hxg4 48. Qb8 Qd5 49. Rc1 Rd1 50. Qc8 Rxc1+ 51. Qxc1 Qe4 0-1

[Event "Early-Titled-Tuesday-Blitz-October-24-2023"]
[Site "Chess.com"]
[Date "2023.10.24"]
[Round "8"]
[White "kingapolak"]
[Black "victormago"]
[Result "0-1"]
[WhiteElo "2158"]
[BlackElo "2425"]
[TimeControl "180+1"]
[EndTime "9:25:47 PDT"]
[Termination "victormago won on time"]

1. e4 c5 2. Nf3 d6 3. d4 cxd4 4. Nxd4 Nf6 5. Nc3 a6 6. f3 e5 7.
Nb3 Be6 8. Be3 Be7 9. Qd2 O-O 10. g4 d5 11. exd5 Nxd5 12. Nxd5 Bxd5 13. Bg2 Bh4+ 14. Bf2 Bg5 15. Be3 Bxe3 16. Qxe3 Qh4+ 17. Qf2 Qxf2+ 18.
Kxf2 Nc6 19. Rad1 Rfd8 20. c3 f6 21. Nc5 Ne7 22. b3 Rac8 23. Na4 Be6 24. c4 Rxd1 25.
Rxd1 b5 26. Nb6 Rc6 27. Rd8+ Kf7 28. Rb8 bxc4 29. bxc4 Bxc4 30. f4 Rc5 31. fxe5 Bxa2 32. Nd7 Rc2+ 33. Kg3 fxe5 34. Nxe5+ Ke6 35. Nd3 Rc3 36.
Be4 Bd5 37. Bxd5+ Nxd5 38. Re8+ Kd7 39. Rg8 Rxd3+ 40. Kh4 g6 41. Rg7+ Ke6 42. Rxh7 a5 43. Ra7 Ra3 44. Ra6+ Kf7 45. Ra7+ Ne7 46. Kg5 a4 47. h4 Ra1 0-1

[Event "Early-Titled-Tuesday-Blitz-October-24-2023"]
[Site "Chess.com"]
[Date "2023.10.24"]
[Round "8"]
[White "ural58"]
[Black "kidagent"]
[Result "1-0"]
[WhiteElo "2517"]
[BlackElo "2271"]
[TimeControl "180+1"]
[EndTime "9:25:47 PDT"]
[Termination "ural58 won on time"]

1. e4 c6 2. Nf3 d5 3. e5 Bg4 4. Be2 e6 5. O-O Nd7 6. d4 c5 7. c4 Ne7 8. Nbd2 Nc6 9. cxd5 exd5 10. h3 Be6 11. a4 Be7 12. Qb3 Nb4 13. a5 O-O 14.
Rd1 c4 15. Qc3 b5 16. Nf1 Nc6 17. b3 b4 18. Qc2 Nxa5 19. bxc4 Rc8 20. c5 g6 21. Ne3 Nc6 22. Ba6 Rb8 23. Bb2 f6 24. exf6 Bxf6 25. Qa4 Qc7 26. Bb5 Rbc8 27. Bxc6 Qxc6 28.
Qxc6 Rxc6 29. Rxa7 Nxc5 30. dxc5 Bxb2 31. Nxd5 Bxd5 32.
Rxd5 Rf7 33. Ra8+ Kg7 34. Rb8 Bc3 35. Ng5 Re7 36. f4 h6 37. Nf3 Rf7 38. g3 g5 39.
Ne5 Bxe5 40. fxe5 Re7 41. Rxb4 Rec7 42. Rc4 Kf7 43. Kf2 Ke6 44. Rd6+ Rxd6 45. exd6 Rc6 46.
Ke3 Kd5 47. Rc2 1-0